 Dungeon Crawl Stone Soup version 0.17.1-3-g152610e (webtiles) character file.

143 juanjsm the Sneak (level 5, -1/25 HPs)
             Began as a Spriggan Enchanter on Mar 15, 2016.
             Killed from afar by an orc wizard (7 damage)
             ... with a magic dart
             ... on level 3 of the Dungeon.
             The game lasted 00:19:54 (2455 turns).

juanjsm the Sneak (Spriggan Enchanter)              Turns: 2455, Time: 00:19:54

Health: -1/25      AC:  3    Str:  5    XL:     5   Next: 4%
Magic:  1/11       EV: 19    Int: 16    God:
Gold:   69         SH:  0    Dex: 17    Spells: 4 memorised, 2 levels left

rFire  . . .     SeeInvis +     a - +1 dagger
rCold  . . .     Clarity  .     b - +1 robe
rNeg   . . .     SustAt   .     (shield restricted)
rPois  .         Gourm    .     (helmet restricted)
rElec  .         Spirit   .     (no cloak)
rCorr  .         Warding  .     (gloves unavailable)
rMut   +         Stasis   .     (boots unavailable)
MR     .....                    u - amulet of resist mutation
Stlth  ++++......               (no ring)
                                m - ring of wizardry

@: very quick, not resistant to hostile enchantments, stealthy
A: unfitting armour, see invisible, herbivore 3, speed 3, slow metabolism 2
a: no special abilities


You were on level 3 of the Dungeon.
You were full.

You visited 1 branch of the dungeon, and saw 3 of its levels.

You collected 69 gold pieces.

Inventory:

Hand Weapons
 a - a +1 dagger (weapon)
 w - a +0 hunting sling
Armour
 b - a +1 robe (worn)
 i - a fire dragon hide
Jewellery
 m - a ring of wizardry (left hand)
 u - an amulet of resist mutation (around neck)
Wands
 o - a wand of slowing (23)
Scrolls
 e - a scroll of recharging {unknown}
 g - 2 scrolls of immolation {unknown}
 h - a scroll of fear {unknown}
 k - a scroll of noise {unknown}
 l - a scroll of enchant weapon {unknown}
 n - a scroll of teleportation {unknown}
 p - 2 scrolls of remove curse {unknown}
 r - a scroll of enchant armour {unknown}
Potions
 f - a potion of agility
 j - a potion of heal wounds
 q - 2 potions of curing
 s - a potion of cure mutation {unknown}
 t - a potion of might {unknown}
Books
 c - a book of Maledictions

   Spells                             Type                      Level
   a - Corona                         Hexes                        1
   b - Ensorcelled Hibernation        Hexes/Ice                    2
   c - Confuse                        Hexes                        3
   d - Tukima's Dance                 Hexes                        3
   e - Dazzling Spray                 Conjuration/Hexes            3
Comestibles
 d - 3 bread rations
 v - a slice of pizza


   Skills:
 * Level 0.4 Fighting
 * Level 2.0 Short Blades
 * Level 4.0 Dodging
 * Level 6.2 Stealth
 * Level 3.6 Spellcasting
 * Level 4.4 Hexes


You had 2 spell levels left.
You knew the following spells:

 Your Spells              Type           Power        Failure   Level  Hunger
a - Corona                Hex            ###....      1%          1    None
b - Ensorcelled Hibernat  Hex/Ice        #.....       4%          2    ##.....
c - Confuse               Hex            ###.....     4%          3    ###....
d - Dazzling Spray        Conj/Hex       #.......     9%          3    ###....


Dungeon Overview and Level Annotations

Branches:
Dungeon (3/15)

Altars:

Annotations:
D:2 Natasha


Innate Abilities, Weirdness & Mutations

You are tiny and cannot use many weapons and most armour.
You have supernaturally acute eyesight.
You are a herbivore.
You cover ground extremely quickly.
You need consume almost no food.


Message History

The orc wizard casts a spell at you. The magic dart hits you!
You closely miss the orc wizard.
The orc wizard is lightly wounded.
The orc wizard hits you with a dagger.
Drink which item? (? for menu, Esc to quit)
Okay, then.
Read which item? (? for menu, Esc to quit)
Okay, then.
Casting: Ensorcelled Hibernation
Confirm with . or Enter, or press ? or * to list all spells.
Aiming: Ensorcelled Hibernation
Press: ? - help, Shift-Dir - straight line, f/p - orc wizard
Aim: an orc wizard, wielding a dagger and wearing a robe (lightly wounded, chance to defeat MR: 40%)
The orc wizard resists with some effort.
The orc wizard hits you with a dagger.
* * * LOW HITPOINT WARNING * * *
The orc wizard gestures at you while chanting.
The magic dart hits you!
You die...

.##########.# .###### #.#
.....)# #.# .####.#####.##
^# #.........# .#
#..#####..## .###..#####...#
..........o...#########
###.............@.....#
#.########..#######o########
#.# #..# #.##.....####
###.##
#..#######o##.###.o...
...#.# ###..........o.o#
#.###. ###.##
#.......#....##.###.# #.
##### #........#.####.....#
#. .## #........#.# #######
#. ..########......##### #.


You could see an orc wizard and an orc (wandering).

Vanquished Creatures
  Terence (D:2)
  Natasha (D:2)
  3 adders
  2 worms (D:2)
  2 giant geckos (D:1)
  10 bats
  3 goblins
  7 hobgoblins
  10 jackals (D:2)
  9 kobolds
  2 giant cockroaches
  6 giant newts
  5 rats
61 creatures vanquished.

Notes
Turn   | Place    | Note
--------------------------------------------------------------
     0 | D:1      | juanjsm the Spriggan Enchanter began the quest for the Orb.
     0 | D:1      | Reached XP level 1. HP: 9/9 MP: 5/5
   244 | D:1      | Reached XP level 2. HP: 8/13 MP: 4/6
   248 | D:1      | Learned a level 2 spell: Ensorcelled Hibernation
   559 | D:1      | Reached skill level 5 in Stealth
   897 | D:2      | Reached XP level 3. HP: 13/16 MP: 0/8
  1107 | D:2      | Learned a level 3 spell: Confuse
  1147 | D:2      | Noticed Terence
  1409 | D:2      | Killed Terence
  1450 | D:2      | Reached XP level 4. HP: 21/21 MP: 4/9
  1461 | D:2      | Learned a level 3 spell: Dazzling Spray
  1466 | D:2      | Noticed Natasha
  1468 | D:2      | Killed Natasha
  1682 | D:2      | Reached skill level 6 in Stealth
  1985 | D:2      | Noticed Natasha
  2325 | D:3      | Reached XP level 5. HP: 25/25 MP: 6/11
  2455 | D:3      | Killed from afar by an orc wizard

Action                   |  1- 3 |  4- 6 || total
-------------------------+-------+-------++-------
Melee: Dagger            |    96 |    68 ||   164
 Cast: Corona            |     2 |       ||     2
       Ensorcelled Hiber |    20 |    27 ||    47
       Confuse           |     1 |     1 ||     2
  Use: Scroll            |       |     4 ||     4
 Stab: Sleeping          |    24 |    19 ||    43
       Confused          |     1 |       ||     1
  Eat: Bread ration      |       |     1 ||     1
